 Dungeon Crawl Stone Soup version 0.23.2-33-g5129a83184 (webtiles) character file.

Game seed: 14258308046121976581

1626 FishyPogo the Chucker (level 8, -1/78 HPs)
             Began as a Troll Hunter on July 29, 2019.
             Was a Follower of Uskayaw.
             Slain by a water moccasin (5 damage)
             ... on level 6 of the Dungeon.
             The game lasted 00:38:07 (5120 turns).

FishyPogo the Chucker (Troll Hunter)                Turns: 5120, Time: 00:38:09

Health: -1/78      AC: 13    Str: 25    XL:     8   Next: 65%
Magic:  0/9        EV: 11    Int:  7    God:    Uskayaw [*.....]
Gold:   250        SH:  0    Dex: 11    Spells: 7/7 levels left

rFire    . . .     SeeInvis .   a - +2 trident (protect)
rCold    . . .     Gourm    +   (no shield)
rNeg     . . .     Faith    +   q - +0 robe
rPois    .         Spirit   +   (helmet restricted)
rElec    .         Reflect  .   F - scarf {Spirit}
rCorr    .         Harm     .   (gloves unavailable)
MR       .....                  (boots unavailable)
Stlth    +.........             x - amulet of faith
HPRegen  0.63/turn              w - +3 ring of strength
MPRegen  0.11/turn              (no ring)

@: lethally poisoned (-1 -> -11), protection aura
A: large, unfitting armour, claws 3, fast metabolism 3, gourmand, regeneration
1, shaggy fur 1, tough skin 3
a: Stomp, Renounce Religion


You were on level 6 of the Dungeon.
You worshipped Uskayaw.
Uskayaw was noncommittal.
You were full.

You visited 1 branch of the dungeon, and saw 7 of its levels.

You collected 404 gold pieces.
You spent 154 gold pieces at shops.

Inventory:

Hand Weapons
 a - a +2 trident of protection (weapon)
 b - a +1 mace of holy wrath
 t - a +0 short sword
 y - a +0 whip of electrocution
 E - a +0 glaive
 M - a +0 hand crossbow
Missiles
 c - 5 large rocks
 d - 2 throwing nets
 i - 7 tomahawks
 j - 216 stones (quivered)
Armour
 q - a +0 robe (worn)
 F - a scarf of spirit shield (worn)
Jewellery
 w - a +3 ring of strength (left claw)
 x - an amulet of faith (around neck)
 I - an uncursed ring of ice
 K - an uncursed ring of ice
Wands
 v - a wand of acid (8)
 G - a wand of flame (17)
Scrolls
 h - 6 scrolls of teleportation {unknown}
 k - 2 scrolls of amnesia {unknown}
 l - 8 scrolls of identify
 m - 2 scrolls of magic mapping {unknown}
 n - 3 scrolls of remove curse
 r - 2 scrolls of enchant armour {unknown}
 u - 4 scrolls of enchant weapon {unknown}
 z - a scroll of fear {unknown}
 D - 4 scrolls of fog {unknown}
 H - 2 scrolls of blinking {unknown}
 L - a scroll of random uselessness {unknown}
Potions
 e - a potion of ambrosia {unknown}
 g - 3 potions of mutation {unknown}
 o - 6 potions of curing {unknown}
 p - 3 potions of haste {unknown}
 s - 2 potions of heal wounds {unknown}
 A - a potion of agility {unknown}
 B - a potion of invisibility {unknown}
 C - 3 potions of brilliance {unknown}
 J - a potion of flight {unknown}
Comestibles
 f - 10 rations
 N - 6 chunks of flesh


   Skills:
 + Level 3.7 Fighting
 - Level 1.1 Short Blades
 - Level 1.6 Maces & Flails
 * Level 4.3 Polearms
 + Level 5.1 Throwing
 + Level 2.5 Armour
 + Level 4.5 Dodging
 - Level 0.4 Stealth
 + Level 2.7 Invocations


You had 7 spell levels left.
You didn't know any spells.
Your spell library was empty.

Dungeon Overview and Level Annotations

Branches:
Dungeon (7/15)             Temple (0/1) D:5

Altars:
Ashenzari
Elyvilon
Makhleb
Uskayaw
The Shining One

Shops:
D:5 *   D:7 *


Innate Abilities, Weirdness & Mutations

You are too large for most types of armour.
You have claws for hands.
Your metabolism is lightning-fast.
You like to eat raw meat.
Your natural rate of healing is unusually fast.
You are covered in fur. (AC +1)
You have extremely tough skin. (AC +3)


Message History

You feel somewhat less full.
You can no longer pass through a line of other dancers.
You feel sick.
The water moccasin bites you but does no damage.
The water moccasin bites you.
* * * LOW HITPOINT WARNING * * *
You are lethally poisoned!
The water moccasin poisons you!
You barely miss the water moccasin.
The water moccasin is almost dead.
* * * LOW HITPOINT WARNING * * *
You feel sick.
The water moccasin bites you but does no damage.
You barely miss the water moccasin.
The water moccasin is almost dead.
* * * LOW HITPOINT WARNING * * *
You feel sick. The water moccasin bites you.
* * * LOW HITPOINT WARNING * * *
The water moccasin bites you!
You die...

#.#.#....###..######
#.#.#...............
#.#.#....#........##
#.#...............#
#.#...............##
#..........#........
###.<.........#.#...
#S.......#.##)#...
#@............#...
#.................
##......^.....####
###............#...
#................P.
#.#.......######...
#.#################
#.######...........
#..................


You could see a water moccasin.

Vanquished Creatures
  2 orc warriors (D:6)
  2 sky beasts
  A necrophage (D:6)
  An ogre (D:5)
  A wyvern zombie (D:6)
  4 bullfrogs
  4 crimson imps
  2 bullfrog zombies (D:6)
  3 hounds
  4 orc wizards
  Terence (D:3)
  An iguana (D:5)
  2 worker ants
  14 adders
  An adder skeleton (D:4)
  4 worms
  3 dart slugs
  5 leopard geckos
  23 orcs
  11 bats
  5 giant cockroaches
  9 hobgoblins
  4 jackals (D:5)
  8 kobolds
  4 frilled lizards
  8 goblins
  2 quokka skeletons
  9 rats
138 creatures vanquished.

Notes
Turn   | Place    | Note
-------+----------+-------------------------------------------
     0 | D:1      | FishyPogo the Troll Hunter began the quest for the Orb.
     0 | D:1      | Reached XP level 1. HP: 19/19 MP: 0/0
   164 | D:1      | Reached skill level 4 in Throwing
   164 | D:1      | Reached XP level 2. HP: 22/28 MP: 1/1
   970 | D:2      | Found a burning altar of Makhleb.
   984 | D:2      | Reached XP level 3. HP: 34/35 MP: 2/2
  1077 | D:2      | Reached skill level 1 in Short Blades
  1485 | D:2      | Reached XP level 4. HP: 42/42 MP: 3/3
  1877 | D:3      | Reached skill level 1 in Maces & Flails
  1883 | D:3      | Reached skill level 1 in Armour
  1883 | D:3      | Reached XP level 5. HP: 45/49 MP: 4/4
  1951 | D:3      | Noticed Terence
  1970 | D:3      | Killed Terence
  2678 | D:4      | Found a hide-covered altar of Uskayaw.
  2689 | D:4      | Became a worshipper of Uskayaw the Reveler
  2822 | D:4      | Reached * piety under Uskayaw
  2917 | D:4      | Found a glowing golden altar of the Shining One.
  2964 | D:4      | Reached ** piety under Uskayaw
  2966 | D:4      | Reached skill level 1 in Polearms
  2992 | D:4      | Reached XP level 6. HP: 59/59 MP: 0/5
  3079 | D:4      | Reached *** piety under Uskayaw
  3180 | D:5      | Entered Level 5 of the Dungeon
  3408 | D:5      | Noticed a sky beast
  3427 | D:5      | Killed a sky beast
  3427 | D:5      | Reached XP level 7. HP: 50/66 MP: 3/6
  3602 | D:5      | Found a staircase to the Ecumenical Temple.
  3610 | D:5      | Found Kullij's Assorted Antiques.
  3629 | D:5      | Bought a brass ring for 110 gold pieces
  3629 | D:5      | Bought a scroll labeled JAPANY LIESSUF for 22 gold pieces
  3629 | D:5      | Bought a scroll labeled JAPANY LIESSUF for 22 gold pieces
  3953 | D:6      | Reached skill level 1 in Invocations
  4007 | D:6      | Reached **** piety under Uskayaw
  4038 | D:6      | Found a white marble altar of Elyvilon.
  4379 | D:6      | Reached XP level 8. HP: 74/75 MP: 8/8
  4742 | D:6      | Reached skill level 5 in Throwing
  5042 | D:7      | Found a shattered altar of Ashenzari.
  5085 | D:7      | Found Bablonk's Serpentskin Sales.
  5120 | D:6      | Slain by a water moccasin

Skill      XL: |  1  2  3  4  5  6  7  8 |
---------------+-------------------------+-----
Throwing       | 4 5 |  5.1
Short Blades   | 1 |  1.1
Dodging        | 2 3 4 |  4.5
Fighting       | 2 3 |  3.7
Maces & Flails | 1 |  1.6
Armour         | 1 2 |  2.5
Polearms       | 1 2 3 4 |  4.3
Invocations    | 1 2 |  2.7
Stealth        | |  0.4

Action                   |  1- 3 |  4- 6 |  7- 9 || total
-------------------------+-------+-------+-------++-------
Melee: Short sword       |   125 |       |       ||   125
       Whip              |     5 |   102 |       ||   107
       Trident           |       |   179 |   193 ||   372
Throw: Stone             |    27 |     6 |    30 ||    63
Invok: Stomp             |       |     1 |     2 ||     3
       Line Pass         |       |     1 |       ||     1
Evoke: Wand              |       |       |     1 ||     1
  Use: Scroll            |       |     1 |     2 ||     3
 Stab: Paralysed         |       |     1 |     6 ||     7
       Sleeping          |       |     1 |       ||     1
  Eat: Chunk             |    10 |    28 |    14 ||    52
Armor: Robe              |    44 |   120 |    72 ||   236
Dodge: Dodged            |    69 |   157 |    90 ||   316
